 Dungeon Crawl Stone Soup version 0.16-a0-1212-geefc3ab (webtiles) character file.

135 Psiweapon the Insei (level 5, -9/25 HPs)
             Began as a Vine Stalker Transmuter on Oct 12, 2014.
             Killed by divine providence
             ... invoked by an orc priest
              (14 damage)
             ... on level 3 of the Dungeon.
             The game lasted 00:09:58 (2367 turns).

Psiweapon the Insei (Vine Stalker Transmuter)       Turns: 2367, Time: 00:10:01

Health: -9/25      AC:  4    Str: 13    XL:     5   Next: 18%
Magic:  0/20       EV: 11    Int: 13    God:
Gold:   199        SH:  0    Dex: 15    Spells: 2 memorised, 3 levels left

rFire  . . .     SeeInvis .       - Unarmed
rCold  . . .     Clarity  .     w - +0 leather armour
rNeg   . . .     SustAb   .     (no shield)
rPois  .         Gourm    .     (helmet restricted)
rElec  .         Spirit   +     (no cloak)
rCorr  .         Warding  .     (no gloves)
rMut   .         Stasis   .     j - +0 pair of boots (curse)
MR     .....                    (no amulet)
Stlth  ++........               e - ring of magical power
                                (no ring)

@: appendage (expiring), very slightly contaminated, not resistant to hostile
enchantments, unstealthy
A: fangs 2, horns 2, regeneration 1, magic shield, antimagic bite, no device
heal 3, rot immunity
a: End Transformation


You were on level 3 of the Dungeon.
You were hungry.
You had grown temporary horns.
You visited 1 branch of the dungeon, and saw 3 of its levels.

You collected 199 gold pieces.

Inventory:

Hand weapons
 C - a cursed -3 hand axe
Missiles
 b - 12 arrows
 k - 7 poisoned needles
 o - 18 bolts
 q - 10 arrows of frost
 r - 21 stones (quivered)
 t - 7 tomahawks
Armour
 c - a +0 robe
 j - a cursed +0 pair of boots (worn)
 w - a +0 leather armour (worn)
 E - a +0 helmet
Magical devices
 s - a wand of frost (32)
Comestibles
 a - 3 bread rations
 h - a slice of pizza
 z - 2 meat rations
 D - 2 rotting chunks of orc flesh
Scrolls
 p - 3 scrolls of recharging {unknown}
 v - 2 scrolls of teleportation {unknown}
 y - 4 scrolls of magic mapping {unknown}
Jewellery
 e - a ring of magical power (right hand)
 f - an uncursed ring of flight
Potions
 g - 2 potions of heal wounds {unknown}
 i - a potion of magic {unknown}
 l - 3 potions of cure mutation {unknown}
 m - a potion of flight {unknown}
 n - 3 potions of agility {unknown}
 u - a potion of restore abilities {unknown}
 B - a potion of degeneration {unknown}
Books
 d - a book of Changes

   Spells                             Type                      Level
   *Beastly Appendage                 Transmutation                1
   Sticks to Snakes                   Transmutation                2
   Spider Form                        Transmutation/Poison         3
   *Ice Form                          Ice/Transmutation            4
   Blade Hands                        Transmutation                5


   Skills:
 - Level 0.8 Fighting
 - Level 1.5 Dodging
 - Level 3.6 Stealth
 + Level 4.5 Unarmed Combat
 - Level 2.1 Spellcasting
 - Level 2.0 Transmutations
 + Level 1.3 Ice Magic


You had 3 spell levels left.
You knew the following spells:

 Your Spells              Type           Power        Failure   Level  Hunger
a - Beastly Appendage     Trmt           #.....       12%         1    ##.....
b - Ice Form              Ice/Trmt       #.......     96%         4    #####..


Dungeon Overview and Level Annotations

Branches:
Dungeon (3/15)

Altars:
Ru


Innate Abilities, Weirdness & Mutations

You have extremely sharp teeth.
Your natural rate of healing is unusually fast.
When hurt, damage is shared between your health and your magic reserves.
Your bite disrupts and absorbs the magic of your enemies.
Potions and wands cannot restore your health.
You are immune to rotting.
You have a pair of horns on your head.


Message History

The orc priest is almost dead.
The orc hits you with a falchion. The orc priest closely misses you.
The orc hits you.
You closely miss the orc priest.
You bite the orc priest, but do no damage.
The orc priest is almost dead.
Your transformation is almost over.
The orc misses you. The orc priest completely misses you.
You hit the orc priest but do no damage.
The orc priest is almost dead.
The orc hits you. The orc hits you with a falchion!
* * * LOW HITPOINT WARNING * * *
You hit the orc priest but do no damage.
You headbutt the orc priest, but do no damage.
Your bite misses the orc priest.
The orc priest is almost dead.
The orc priest invokes the aid of Beogh against you.
Something smites you!
Ouch! That really hurt!
You die...

#. ######### #. #########.......#
#. ###.......#.......# #.
..#...###.#.......##############.
#.>.......'......................
#..##.###.#.......##########....%
#......##.#%...%..##########.###.
##..............@................
...######.##...ooo.....>...#.#.#%
.########.##%###......####.#...#.
.............#........# #.#####.
####.......###.#......# #.# #.
.......#.#)#.....###### #.. ..
####.....#.#.#.##################
...<<....(....................#
...........################.###


You could see an orc priest and 2 orcs.

Vanquished Creatures
  5 adders
  2 worms (D:3)
  6 orcs (D:3)
  A ball python (D:3)
  5 giant cockroaches
  9 hobgoblins
  5 jackals
  8 kobolds
  2 quokkas
  7 bats
  4 giant geckos
  4 giant newts
  9 goblins
  5 rats
72 creatures vanquished.

Notes
Turn   | Place    | Note
--------------------------------------------------------------
     0 | D:1      | Psiweapon, the Vine Stalker Transmuter, began the quest for the Orb.
     0 | D:1      | Reached XP level 1. HP: 9/9 MP: 3/3
   175 | D:1      | Reached skill level 1 in Stealth
   209 | D:1      | Reached XP level 2. HP: 12/14 MP: 5/5
   436 | D:1      | Reached XP level 3. HP: 15/17 MP: 7/7
   804 | D:2      | Found a sacrificial altar of Ru.
  1155 | D:2      | Reached XP level 4. HP: 7/21 MP: 8/8
  1298 | D:2      | Reached skill level 4 in Unarmed Combat
  1571 | D:2      | Learned a level 4 spell: Ice Form
  2009 | D:3      | Reached skill level 1 in Ice Magic
  2050 | D:3      | Reached XP level 5. HP: 22/25 MP: 11/11
  2367 | D:3      | Killed from afar by an orc priest

Action                   |  1- 3 |  4- 6 || total
-------------------------+-------+-------++-------
Melee: Unarmed           |   123 |    95 ||   218
 Cast: Beastly Appendage |    21 |    11 ||    32
  Use: Scroll            |     3 |       ||     3
 Stab: Sleeping          |     2 |     1 ||     3
  Eat: Chunk             |     1 |     4 ||     5
